 Dungeon Crawl Stone Soup version 0.23.2-1-ga50397a (webtiles) character file.

Game seed: 16790800765927101326

116 schauveau the Skirmisher (level 5, -1/33 HPs)
             Began as a Gargoyle Fighter on May 2, 2019.
             Killed from afar by Robin (10 damage)
             ... with a wand of flame (19)
             ... on level 3 of the Dungeon.
             The game lasted 00:02:37 (757 turns).

schauveau the Skirmisher (Gargoyle Fighter)          Turns: 757, Time: 00:02:38

Health: -1/33      AC: 11    Str: 20    XL:     5   Next: 0%
Magic:  5/5        EV:  9    Int:  9    God:
Gold:   27         SH:  4    Dex:  9    Spells: 4/4 levels left

rFire    . . .     SeeInvis .   a - +0 flail
rCold    . . .     Gourm    .   l - +0 buckler
rNeg     + . .     Faith    .   b - +0 scale mail
rPois    ∞         Spirit   .   (no helmet)
rElec    +         Reflect  .   (no cloak)
rCorr    .         Harm     .   (no gloves)
MR       .....                  (no boots)
Stlth    ..........             (no amulet)
HPRegen  0.11/turn              (no ring)
MPRegen  0.09/turn              (no ring)

@: no status effects
A: negative energy resistance 1, electricity resistance, unbreathing,
petrification resistance, rot immunity, AC +4
a: no special abilities


You were on level 3 of the Dungeon.
You were not hungry.

You visited 1 branch of the dungeon, and saw 3 of its levels.

You collected 27 gold pieces.

Inventory:

Hand Weapons
 a - a +0 flail (weapon)
Armour
 b - a +0 scale mail (worn)
 c - a +0 shield
 l - a +0 buckler (worn)
Jewellery
 j - a cursed ring of positive energy {unknown}
Scrolls
 e - a scroll of identify {unknown}
 h - a scroll of fear {unknown}
 k - 2 scrolls of enchant armour {unknown}
 n - a scroll of enchant weapon {unknown}
Potions
 d - a potion of might
 g - a potion of agility {unknown}
 i - a potion of invisibility {unknown}
 o - a potion of flight {unknown}
Comestibles
 f - 3 rations
 m - 2 chunks of flesh


   Skills:
 + Level 4.0 Fighting
 * Level 3.5 Maces & Flails
 + Level 4.0 Armour
 - Level 3.8 Shields


You had 4 spell levels left.
You didn't know any spells.
Your spell library was empty.

Dungeon Overview and Level Annotations

Branches:
Dungeon (3/15)

Altars:
Qazlal

Annotations:
D:3 Robin


Innate Abilities, Weirdness & Mutations

You are resistant to torment.
Your stone body is resilient. (AC +4)
You are immune to poison.
You resist negative energy. (rN+)
You are resistant to electric shocks. (rElec)
You can survive without breathing.
You are immune to petrification.
You are immune to rotting.


Message History

You have reached level 5!
The hobgoblin hits you but does no damage.
You completely miss the hobgoblin.
The goblin no longer looks unusually strong.
The hobgoblin closely misses you.
Robin says, "Bow before me, strongest of all the hobgoblins!"
Robin roars a battlecry!
The goblins go into a battle-frenzy!
You barely miss the hobgoblin.
The hobgoblin no longer looks unusually strong.
The hobgoblin hits you but does no damage.
Robin roars a battlecry!
The hobgoblin goes into a battle-frenzy!
The hobgoblin hits you.
* * * LOW HITPOINT WARNING * * *
The hobgoblin no longer looks unusually strong.
Robin roars a battlecry!
The hobgoblin goes into a battle-frenzy!
Robin zaps a wand.
The puff of flame hits you!
You die...

#.#####lg# .g# .. #### .#gg#
.... ...... 'g## ..#.. ..
#......# #g# !.+.... #...
+......#####g# ..# ...
#...###............# ..# ..
......(.........### .#
#............g.# #.## #.#
#............@## ...# #.#
#............# #..# #.#
####............#######..####.##
................##.......#......
########...÷....##.......#)##.##
#........##.......#.....#
#........##......((###..#
###........##........###..#
.≈≈...≈.....##......)..##.<#


You could see Robin and 2 hobgoblins.

Vanquished Creatures
  Jessica (D:3)
  Natasha (D:3)
  An adder (D:3)
  An ooze (D:1)
  A dart slug (D:1)
  A leopard gecko (D:2)
  5 orcs
  10 bats
  2 giant cockroaches
  3 goblins
  7 hobgoblins
  7 kobolds
  3 rats
43 creatures vanquished.

Notes
Turn   | Place    | Note
-------+----------+-------------------------------------------
     0 | D:1      | schauveau the Gargoyle Fighter began the quest for the Orb.
     0 | D:1      | Reached XP level 1. HP: 14/14 MP: 1/1
   125 | D:1      | Reached XP level 2. HP: 19/19 MP: 2/2
   310 | D:1      | Reached XP level 3. HP: 20/23 MP: 3/3
   469 | D:2      | Found a stormy altar of Qazlal.
   641 | D:3      | Found a faded altar of an unknown god.
   666 | D:3      | Reached XP level 4. HP: 25/29 MP: 4/4
   668 | D:3      | Noticed Natasha
   682 | D:3      | Killed Natasha
   723 | D:3      | Noticed Jessica
   734 | D:3      | Noticed Robin
   748 | D:3      | Killed Jessica
   751 | D:3      | Reached XP level 5. HP: 11/33 MP: 5/5
   757 | D:3      | Killed from afar by Robin

Skill      XL: |  1  2  3  4 |
---------------+-------------+-----
Maces & Flails | 3 |  3.5
Fighting       | 4 |  4.0
Armour         | 4 |  4.0
Shields        | |  3.8

Action                   |  1- 3 |  4- 6 || total
-------------------------+-------+-------++-------
Melee: Flail             |   126 |    33 ||   159
Armor: Scale mail        |    92 |    34 ||   126
Dodge: Dodged            |    73 |    35 ||   108
Block: Shield            |    42 |       ||    42
       Buckler           |    23 |    12 ||    35
